 Dungeon Crawl Stone Soup version 0.29.1-15-g9cfb28693d (webtiles) character file.

Game seed: 7006837664810907459

651 Peloso the Slasher (level 7, 0/61 HPs)
             Began as a Minotaur Fighter on Apr 29, 2023.
             Killed by divine providence
             ... invoked by an orc priest
              (14 damage)
             ... on level 5 of the Dungeon.
             The game lasted 00:05:17 (3222 turns).

Peloso the Slasher (Minotaur Fighter)               Turns: 3222, Time: 00:05:18

Health: 0/61       AC: 17    Str: 21    XL:     7   Next: 28%
Magic:  6/6        EV: 10    Int:  5    God:
Gold:   229        SH:  5    Dex: 11    Spells: 6/6 levels left

rFire   + . .      SeeInvis .   b - +2 scimitar (protect)
rCold   . . .      Faith    .   d - +0 buckler
rNeg    . . .      Spirit   .   w - +0 scale mail
rPois   .          Reflect  .   v - +2 hat
rElec   .          Harm     .   (no cloak)
rCorr   .          Rampage  .   c - +0 pair of gloves
Will    .....                   (no boots)
Stlth   ..........              (no amulet)
HPRegen 0.20/turn               e - ring of protection from fire
MPRegen 0.10/turn               (no ring)

@: under a protective aura
A: horns 2, retaliatory headbutt
a: no special abilities


You were on level 5 of the Dungeon.
You visited 1 branch of the dungeon, and saw 5 of its levels.

You collected 229 gold pieces.

Inventory:

Hand Weapons
 a - a +0 long sword
 b - a +2 scimitar of protection (weapon)
Armour
 c - a +0 pair of gloves (worn)
 d - a +0 buckler (worn)
 v - a +2 hat (worn)
 w - a +0 scale mail (worn)
Jewellery
 e - a ring of protection from fire (left hand)
 q - a ring of wizardry
Wands
 h - a wand of quicksilver (13)
Scrolls
 g - 2 scrolls of teleportation
 j - a scroll of blinking {unknown}
 l - a scroll of magic mapping {unknown}
 m - a scroll of fear {unknown}
 o - a scroll of brand weapon
 u - a scroll of enchant armour {unknown}
Potions
 f - 4 potions of curing
 i - 2 potions of heal wounds
 k - a potion of haste
 n - 3 potions of might
 p - a potion of mutation {unknown}
 r - 2 potions of degeneration {unknown}
 s - a potion of flight {unknown}
 t - a potion of cancellation {unknown}


   Skills:
 + Level 5.2 Fighting
 + Level 6.0 Long Blades
 + Level 5.8 Armour
 + Level 2.9 Dodging
 + Level 0.4 Stealth
 + Level 4.8 Shields


You had 6 spell levels left.
You didn't know any spells.
Your spell library was empty.

Dungeon Overview and Level Annotations

Branches:
Dungeon (5/15)
 Temple: D:4-7

Altars:
Kikubaaqudgha
Nemelex Xobeh
Qazlal
Uskayaw

Shops:
D:4 =


Innate Abilities, Weirdness & Mutations

You have a pair of horns on your head.
You reflexively headbutt those who attack you in melee.


Message History

The orc priest hits you but does no damage.
The orc barely misses you. The orc attacks as you move away!
The orc hits you but does no damage. The orc attacks as you move away!
The orc hits you but does no damage. The orc closely misses you.
You slash the orc!
Your weapon exudes an aura of protection.
You kill the orc!
It was a potion of heal wounds.
You feel much better. The orc hits you with a +0 flail.
Things that are here:
a +0 hand axe; an orc corpse You closely miss the orc.
The orc closely misses you.
You slash the orc!
Your weapon exudes an aura of protection.
You kill the orc!
You slash the orc wizard!
The orc wizard is almost dead.
You hear the slow rusting of a drain nearby.
The orc wizard gestures at you while chanting.
The puff of flame hits you but does no damage.
You hit the orc wizard but do no damage.
The orc wizard is almost dead.
The orc wizard barely misses you.
The orc wizard hits you but does no damage.
You barely miss the orc wizard. Your headbutt misses the orc wizard.
The orc wizard is almost dead.
The orc wizard hits you with a +0 dagger.
The orc priest calls down the wrath of Beogh upon you.
Beogh smites you!
* * * LOW HITPOINT WARNING * * *
You closely miss the orc wizard.
You headbutt the orc wizard, but do no damage.
The orc wizard is almost dead.
You block the orc wizard's attack.
You barely miss the orc wizard.
The orc wizard is almost dead.
The orc priest mumbles some strange prayers to Beogh against you.
Beogh smites you!
You die...

... #.#)#....# ....
#.#)#....##
....#####.#)#.....#########
.........)..#.....##.).....
...........o....#..........
.......o##......#..........
.........#..............##
.........####.#.###.....#
........oo@...#.# ##....##.
........#######.###........
###.....+.....#............
#.....#.###)#............
##.#.....<..#............
...##.........###........
...............###........
.. .......................
.......................


You could see an orc priest and an orc wizard.

Vanquished Creatures
  An ogre (D:5)
  2 necrophages (D:4)
  2 wights (D:4)
  3 hounds
  An orc priest (D:5)
  A human zombie (D:4)
  2 hound zombies (D:4)
  2 mummies (D:4)
  A howler monkey zombie (D:4)
  A gnoll (D:1)
  3 adders
  2 adder zombies (D:4)
  3 worms
  A dart slug (D:3)
  11 orcs
  8 ball pythons
  A bat (D:2)
  4 endoplasms
  3 giant cockroaches (D:1)
  3 goblins
  3 hobgoblins
  6 jackals
  2 quokkas
  8 frilled lizards
  5 kobolds
  5 rats
84 creatures vanquished.

Vanquished Creatures (others)
  An endoplasm (D:3)
  2 demonic plants (D:1)
  A withered plant (D:1)
4 creatures vanquished.

Grand Total: 88 creatures vanquished

Notes
Turn   | Place    | Note
-------+----------+-------------------------------------------
     0 | D:1      | Peloso the Minotaur Fighter began the quest for the Orb.
     0 | D:1      | Reached XP level 1. HP: 19/19 MP: 0/0
   192 | D:1      | Reached XP level 2. HP: 20/27 MP: 1/1
   517 | D:1      | Found a faded altar of an unknown god.
   576 | D:1      | Reached XP level 3. HP: 31/33 MP: 2/2
  1038 | D:2      | Reached skill level 3 in Long Blades
  1344 | D:2      | Reached skill level 1 in Dodging
  1651 | D:3      | Reached XP level 4. HP: 40/40 MP: 3/3
  1727 | D:3      | Found a sparkling altar of Nemelex Xobeh.
  2027 | D:3      | Found a stormy altar of Qazlal.
  2265 | D:3      | Found a faded altar of an unknown god.
  2271 | D:3      | Found a hide-covered altar of Uskayaw.
  2444 | D:4      | Reached XP level 5. HP: 46/47 MP: 4/4
  2569 | D:4      | Found Curphyuh's Jewellery Shop.
  2596 | D:4      | Reached skill level 5 in Armour
  2675 | D:4      | Found an ancient bone altar of Kikubaaqudgha.
  2694 | D:4      | Reached skill level 4 in Long Blades
  2856 | D:4      | Reached XP level 6. HP: 53/53 MP: 5/5
  2862 | D:4      | Reached skill level 5 in Long Blades
  2870 | D:4      | Reached skill level 5 in Fighting
  3121 | D:5      | Entered Level 5 of the Dungeon
  3179 | D:5      | Reached XP level 7. HP: 57/61 MP: 6/6
  3202 | D:5      | HP: 2/61 [orc priest/divine providence (15)]
  3204 | D:5      | Reached skill level 6 in Long Blades
  3222 | D:5      | Killed from afar by an orc priest

Illustrated notes

Levels and vault maps discovered:
D:1:      minmay_arrival_shattered_statue, layout_basic,
          shapermc_ecumenical_altar_gd
D:2:      layout_basic, minivault_23
D:3:      layout_basic, mainiacjoe_overflow_alcove_2, grunt_qazlal_clouds,
          nicolae_overflow_ecumenical_swirl, nicolae_titane
D:4:      layout_rooms, lemuel_mausoleum_altar_kikubaaqudgha, serial_shops,
          nicolae_shop_advertising_works [nicolae_subvault_shop_adworks],
          st_stairs_6, eino_tiny_chamber
D:5:      layout_basic, lightli_temple_of_fire, portal_sewer_entry_b

Skill      XL: |  1  2  3  4  5  6  7 |
---------------+----------------------+-----
Fighting       | 4 5 |  5.2
Armour         | 4 5 |  5.8
Long Blades    | 3 4 5 6 |  6.0
Shields        | 4 |  4.8
Dodging        | 1 2 |  2.9
Stealth        | |  0.4

Action                   |  1- 3 |  4- 6 |  7- 9 || total
-------------------------+-------+-------+-------++-------
Melee: Long sword        |    89 |   116 |       ||   205
       Headbutt          |    16 |    27 |     5 ||    48
       Scimitar          |       |     6 |    23 ||    29
  Use: Scroll            |     4 |     3 |       ||     7
       Potion            |       |       |     2 ||     2
Armor: Scale mail        |    60 |    57 |    19 ||   136
Dodge: Dodged            |    49 |    59 |    15 ||   123
Block: Buckler           |    17 |    28 |     6 ||    51
